Map: Pride of Altaris LE

Players

Vanya

  • Race: Zerg Zerg

TIME (Oliveira) - Winner!

  • Race: Terran Terran

VOD

Have the link to the VOD?

Description

Time

  • Played on: Oct. 21, 2021, 8:16 a.m.
  • Length: 11:36
Show
View Real Time Build Order
Export as new Build Order

Vanya Zerg 

Build Orders: Hatch First 

Get SALT Encoding   

  12  0:00  Drone  
  13  0:12  Overlord  
  13  0:17  Drone  
  14  0:31  Drone x2  
  16  0:47  Hatchery  
  15  0:51  Drone  
  15  0:54  Drone  
  17  1:05  Extractor  
  17  1:10  Spawning Pool  
  15  1:13  Drone  
  15  1:17  Drone  
  17  1:20  Drone  
  18  1:28  Drone  
  19  1:39  Drone  
  20  1:50  Overlord  
  20  1:57  Queen  
  20  1:59  Queen  
  20  2:00  Zergling x2  
  20  2:01  Zergling x2  
  26  2:10  Drone  
  26  2:11  Drone  
  26  2:12  Metabolic Boost  
  28  2:21  Drone  
  28  2:22  Drone  
  30  2:37  Hatchery  
  30  2:38  Drone  
  30  2:40  Drone  
  31  2:46  Queen  
  33  2:52  Overlord  
  33  2:54  Drone  
  33  2:56  Drone  
  33  2:58  Drone  
  36  3:12  Drone x2  
  38  3:14  Drone x2  
  38  3:17  Roach Warren  
  38  3:18  Drone  
  38  3:19  Drone  
  41  3:20  Drone, Extractor  
  41  3:28  Overlord  
  41  3:40  Zergling x4  
  43  3:42  Zergling x2  
  43  3:45  Overlord x2  
  44  3:57  Roach  
  44  3:58  Roach x5  
  56  4:03  Overlord  
  56  4:04  Roach  
  56  4:05  Roach  
  60  4:13  Roach  
  60  4:14  Roach, Zergling x2  
  65  4:21  Overlord  
  65  4:23  Zergling x4  
  67  4:29  Zergling x8  
  69  4:41  Zergling x12  
  69  4:42  Zergling x2  
  76  4:48  Ravager  
  76  4:50  Ravager  
  79  4:52  Zergling x2  
  79  4:53  Zergling x6  
  79  4:54  Ravager  
  77  5:07  Zergling x14  
  77  5:11  Zergling x4  
  77  5:13  Ravager  
  76  5:15  Zergling x4  
  76  5:18  Zergling x2  
  76  5:19  Zergling x2  
  76  5:20  Drone  
  69  5:23  Drone  
  69  5:26  Drone  
  69  5:29  Drone  
  69  5:34  Lair  
  65  5:36  Ravager  
  65  5:37  Drone  
  65  5:38  Drone  
  65  5:39  Drone  
  62  5:44  Drone  
  62  5:48  Drone  
  60  5:50  Extractor  
  60  5:55  Roach  
  60  5:56  Roach  
  63  6:02  Roach x2  
  63  6:03  Roach x3  
  71  6:05  Drone x2  
  71  6:07  Spore Crawler  
  71  6:10  Drone  
  73  6:12  Spore Crawler  
  73  6:13  Drone  
  73  6:17  Drone, Spore Crawler  
  73  6:19  Drone  
  73  6:20  Drone  
  73  6:23  Drone  
  76  6:31  Extractor  
  75  6:35  Spire  
  75  6:36  Drone x4  
  74  6:40  Drone x2  
  72  6:47  Drone x5  
  72  6:49  Overseer  
  72  6:51  Drone  
  77  6:54  Drone x2  
  77  6:59  Drone x4  
  83  7:01  Extractor  
  83  7:02  Extractor  
  83  7:05  Drone x2  
  83  7:06  Drone  
  83  7:07  Glial Reconstitution  
  84  7:12  Overlord  
  84  7:13  Drone x2  
  84  7:14  Drone  
  87  7:16  Drone  
  88  7:28  Overlord  
  88  7:29  Overlord  
  88  7:34  Hatchery  
  87  7:50  Mutalisk  
  87  7:51  Mutalisk x7  
  89  7:56  Overlord  
  89  7:57  Roach x4  
  111  8:04  Overlord  
  111  8:05  Overlord  
  111  8:06  Roach  
  111  8:08  Drone  
  111  8:09  Overlord  
  113  8:16  Drone  
  113  8:18  Evolution Chamber, Overlord  
  113  8:19  Roach x4  
  121  8:25  Ravager x3  
  124  8:32  Roach x6  
  134  8:35  Roach x2  
  139  8:41  Hatchery  
  139  8:45  Roach x4  
  146  8:49  Zerg Ground Armor Level 1  
  144  8:58  Roach x4  
  152  9:04  Overlord  
  152  9:09  Overlord x4  
  150  9:21  Evolution Chamber  
  149  9:25  Drone x2  
  149  9:30  Drone x2  
  151  9:34  Roach x8  
  151  9:36  Ravager x4  
  171  9:46  Overlord  
  171  9:51  Drone x3  
  171  9:52  Drone x2, Infestation Pit, Hydralisk Den  
  174  9:54  Extractor x2  
  174  9:55  Overseer  
  174  9:57  Queen  
  174  10:07  Drone x5  
  176  10:08  Drone  
  176  10:09  Overlord  
  180  10:14  Drone x2  
  180  10:17  Spore Crawler  
  179  10:22  Zergling x16  
  179  10:27  Lurker Den  
  186  10:35  Drone x2, Lurker Den  
  187  10:36  Hydralisk x3  
  187  10:42  Overlord  
  193  10:43  Corruptor  
  193  10:48  Hatchery  
  194  10:51  Drone  
  194  10:52  Hydralisk, Evolution Chamber  
  196  10:57  Spine Crawler  
  193  11:10  Ravager x3  
  193  11:11  Zergling x16  
Show
View Real Time Build Order
Export as new Build Order

TIME Terran - Winner!

Build Orders: 2 Factory, Reaper Expand, Hellion Banshee 

Get SALT Encoding   

  12  0:01  SCV  
  13  0:13  SCV  
  14  0:17  Supply Depot  
  14  0:25  SCV  
  15  0:38  SCV  
  15  0:40  Barracks  
  16  0:44  Refinery  
  16  0:50  SCV  
  17  1:02  SCV  
  18  1:15  SCV  
  19  1:27  Orbital Command  
  19  1:29  Reaper  
  20  1:39  Command Center  
  20  1:47  Supply Depot  
  20  1:53  SCV  
  21  2:00  Marine  
  22  2:06  SCV  
  23  2:12  Factory  
  23  2:18  SCV  
  23  2:22  Barracks Reactor  
  24  2:30  SCV  
  25  2:40  Command Center  
  25  2:42  SCV  
  26  2:51  Orbital Command  
  26  2:55  SCV  
  27  3:00  Factory  
  27  3:04  Refinery  
  27  3:08  SCV  
  28  3:13  Hellion x2  
  28  3:19  SCV  
  33  3:22  SCV  
  33  3:26  Barracks Tech Lab  
  34  3:31  SCV  
  34  3:34  SCV, Hellion  
  36  3:35  Hellion  
  40  3:43  SCV  
  40  3:46  SCV  
  42  3:51  Starport, Orbital Command  
  42  3:55  Infernal Pre-Igniter  
  42  3:56  SCV  
  42  3:58  SCV  
  42  4:02  Hellion  
  46  4:04  Hellion  
  46  4:06  Supply Depot  
  48  4:10  Hellion  
  48  4:12  SCV x2  
  52  4:18  SCV  
  55  4:24  SCV x2, Hellion  
  57  4:31  Hellion  
  57  4:32  Barracks Tech Lab  
  57  4:33  SCV  
  57  4:36  SCV  
  63  4:38  Siege Tank  
  63  4:43  Bunker  
  64  4:46  SCV  
  64  4:48  Bunker  
  67  4:55  Banshee  
  67  4:56  Supply Depot x2  
  67  5:02  SCV  
  65  5:14  Siege Tank, Hellion x2  
  63  5:15  SCV  
  57  5:22  SCV  
  57  5:25  SCV  
  50  5:30  SCV  
  50  5:34  SCV  
  51  5:37  SCV  
  51  5:42  SCV  
  49  5:46  Barracks Tech Lab, SCV  
  49  5:49  SCV  
  53  5:54  SCV  
  53  5:55  Supply Depot  
  50  5:58  SCV  
  50  5:59  Barracks  
  50  6:01  Barracks, SCV  
  54  6:04  Widow Mine  
  54  6:06  Marine, SCV, Stimpack  
  54  6:10  Factory Reactor, SCV  
  57  6:13  SCV  
  57  6:17  Supply Depot  
  59  6:18  SCV  
  59  6:19  Starport Reactor  
  59  6:22  SCV  
  59  6:25  SCV, Engineering Bay x2  
  60  6:30  SCV, Refinery  
  60  6:31  Marine, Refinery  
  63  6:34  SCV  
  64  6:42  SCV  
  64  6:46  SCV  
  66  6:49  Marine x2  
  66  6:51  Marine  
  69  6:54  SCV  
  69  6:57  Terran Infantry Weapons Level 1, Terran Infantry Armor Level 1  
  69  6:58  Barracks, SCV  
  69  6:59  Marine x2, Barracks, Orbital Command  
  73  7:06  SCV  
  73  7:07  Marine, Supply Depot  
  73  7:08  Medivac x2, Supply Depot  
  75  7:10  Marine, SCV  
  81  7:18  Marine x2  
  81  7:19  SCV  
  82  7:23  Siege Tank, SCV  
  82  7:26  SCV  
  87  7:30  Marine  
  87  7:31  SCV  
  87  7:34  Missile Turret x2  
  87  7:35  Marine x2, SCV  
  92  7:40  SCV  
  92  7:42  Marine  
  92  7:43  SCV  
  95  7:44  Marine  
  95  7:47  SCV  
  95  7:49  Marine, Barracks Tech Lab x2  
  95  7:50  Combat Shield  
  96  7:52  SCV  
  96  7:55  SCV  
  96  7:56  Marine  
  96  7:58  Marauder, Supply Depot x2  
  101  7:59  SCV  
  101  8:04  SCV  
  103  8:06  Siege Tank  
  103  8:08  SCV, Concussive Shells  
  103  8:10  Marauder  
  109  8:19  Marine, SCV x2  
  114  8:20  Marauder, Supply Depot, SCV, Armory  
  114  8:21  Supply Depot  
  114  8:25  Marine x2, Refinery x2  
  114  8:26  Marine x2  
  119  8:31  Marauder  
  121  8:37  SCV x3  
  123  8:42  Missile Turret  
  123  8:46  Marine x2  
  125  8:49  Marine  
  125  8:51  Siege Tank x2  
  125  8:54  SCV  
  125  8:55  Marine  
  131  9:01  Command Center  
  131  9:04  Marine  
  131  9:08  Marine x2, Marauder, Drilling Claws  
  131  9:09  Marauder, Terran Infantry Weapons Level 2  
  133  9:12  SCV x3  
  136  9:20  Supply Depot  
  136  9:21  Supply Depot  
  135  9:24  SCV  
  135  9:25  Marine  
  135  9:26  Medivac x2  
  141  9:41  Marine x2  
  141  9:42  Marauder, Siege Tank, SCV  
  141  9:43  Marine x2, Marauder, Siege Tank  
  141  9:44  SCV  
  141  9:45  Supply Depot  
  155  9:47  Marine  
  156  9:53  SCV  
  157  10:00  Supply Depot x2  
  157  10:03  SCV  
  157  10:06  Marine, Medivac x2, SCV  
  165  10:07  Marauder  
  165  10:12  Marine  
  165  10:14  Missile Turret  
  165  10:15  Marine  
  165  10:16  Marauder x2, SCV  
  171  10:22  Siege Tank, Sensor Tower  
  176  10:28  Marauder  
  176  10:29  Marine x2, Siege Tank  
  181  10:39  Marine x2, Marauder x2  
  181  10:40  Medivac  
  190  10:42  SCV  
  190  10:43  SCV  
  190  10:47  Planetary Fortress  
  190  10:49  Marine x2  
  195  10:50  Marauder  
  195  11:02  Command Center  
  195  11:05  Supply Depot  
Tags
 
Add a new tag
Caveats
  • Supply blocks, unpowered buildings, or Contaminate may cause inaccurate times.
  • Supply counts are checked every 10 seconds.